AoeStats
← Lord_Wilfredo

Nomad

508775548Analyzed
4v4 RM · 9d ago on Sep 24, 2026· 49m 8s· 8 players
Game mode
Random Map
Map size
231×231
Population
200
Speed
Normal
Resources
Standard
Victory
Conquest
Starting age
Dark Age
Ending age
Imperial Age
RankedLock teamsTeams togetherTeam positionsShared explorationLock speedFull tech treeHidden civsTurbo modeCheats
Victory
Defeat
🇺🇸 Varangians · United States
1565
+10
🇨🇱 Persians · Chile
1428
+15
🇦🇷 Spanish · Argentina
1387
+17
🇧🇷 Malians · Brazil
1384
+17
🇺🇸 Chinese · United States
1605
-21
🇺🇸 Mongols · United States
1486
-17
🇺🇸 Varangians · United States
1430
-15
🇺🇸 Huns · United States
1143
-6
Karzul
12:30 Feudal Age
10:47 Loom
15:01 Fletching
20:05 Castle Age
20:35 Crossbowman
21:11 Bodkin Arrow
22:05 Gold Mining
22:03 Double-Bit Axe
22:02 Fishing Lines
24:00 Padded Archer Armor
25:32 Ballistics
30:03 Thumb Ring
30:30 Padded Archer Armor
34:21 Medium Warships
38:24 Imperial Age
37:19 Leather Archer Armor
38:16 Scale Barding Armor
38:21 Forging
38:44 Town Watch
39:34 Wheelbarrow
39:31 Chain Barding Armor
38:33 Light Cavalry
39:59 Bloodlines
39:50 Husbandry
41:16 Iron Casting
41:23 Farimba
41:13 Heavy Camel Rider
45:04 Elite Skirmisher
The Bloody-Nine
4:52 Loom
14:23 Feudal Age
17:56 Castle Age
16:15 Forging
20:32 Iron Casting
20:45 Medium Warships
24:24 Double-Bit Axe
25:07 Fishing Lines
27:33 Gillnets
27:39 Horse Collar
29:04 Bow Saw
32:04 Town Watch
32:54 Wheelbarrow
35:04 Gold Mining
38:29 Bloodlines
38:19 Husbandry
38:26 Stone Mining
38:52 Treadmill Crane
39:28 Careening
39:01 Treadmill Crane
42:35 Imperial Age
40:32 Scale Barding Armor
41:36 Chain Barding Armor
40:40 Vendel Legacy
41:16 Light Cavalry
41:16 Light Cavalry
42:34 Light Cavalry
43:45 Conscription
44:04 Plate Barding Armor
44:20 Heavy Warships
43:23 Cavalier
44:45 Dry Dock
43:54 Light Cavalry
45:52 Blast Furnace
45:30 Light Cavalry
47:08 Masonry
46:42 Light Cavalry
47:19 Light Cavalry
Mancodios
6:39 Loom
13:45 Feudal Age
14:34 Double-Bit Axe
16:10 Horse Collar
17:21 Forging
22:42 Castle Age
22:07 Bloodlines
28:25 Husbandry
32:31 Scale Barding Armor
34:01 Chain Barding Armor
37:26 Wheelbarrow
40:53 Town Watch
45:14 Imperial Age
45:39 Bow Saw
46:01 Cavalier
48:06 Iron Casting
Lord_Wilfredo
4:37 Loom
13:39 Feudal Age
18:03 Castle Age
15:54 Fishing Lines
16:48 Double-Bit Axe
18:11 Stone Mining
18:57 Bow Saw
23:24 Padded Archer Armor
24:47 Town Watch
28:18 Wheelbarrow
28:29 Leather Archer Armor
31:42 Scale Barding Armor
35:23 Imperial Age
35:12 Bloodlines
35:02 Husbandry
35:59 Cavalier
37:51 Ring Archer Armor
37:41 Chain Barding Armor
39:52 Conscription
40:09 Plate Barding Armor
40:14 Horse Collar
42:11 Forging
43:55 Chemistry
42:58 Capped Ram
44:44 Hand Cart
45:30 Two-Man Saw
44:34 Gold Mining
47:56 Ballistics
47:57 Bombard Tower
Cale94
4:31 Loom
13:07 Feudal Age
18:35 Castle Age
20:46 Fletching
22:10 Bodkin Arrow
23:58 Double-Bit Axe
27:42 Bow Saw
28:49 Wheelbarrow
27:59 Town Watch
29:36 Ballistics
28:57 Treadmill Crane
29:33 Gold Mining
34:25 Forging
34:16 Scale Mail Armor
35:29 Clinker Construction
36:59 Horse Collar
40:38 Iron Casting
40:31 Fishing Lines
41:48 Scale Barding Armor
43:59 Chain Barding Armor
44:00 Gillnets
47:16 Imperial Age
49:11 Blast Furnace
48:46 Plate Barding Armor
48:36 Conscription
49:15 Bloodlines
49:05 Husbandry
Kyrisser
3:30 Loom
14:14 Feudal Age
14:51 Double-Bit Axe
19:31 Town Watch
22:46 Castle Age
21:15 Forging
21:45 Fletching
22:22 Stone Mining
24:13 Medium Warships
24:41 Wheelbarrow
27:18 Bodkin Arrow
36:37 Imperial Age
37:39 Ballistics
40:57 Bracer
47:10 Gold Mining
Ryblade
4:35 Loom
13:50 Feudal Age
14:36 Town Watch
17:18 Castle Age
15:19 Double-Bit Axe
17:21 Scale Barding Armor
17:28 Forging
24:02 Fletching
25:14 Bloodlines
25:59 Bodkin Arrow
37:16 Stone Mining
38:44 Wheelbarrow
40:07 Chain Barding Armor
40:40 Husbandry
44:49 Hand Cart
48:22 Imperial Age
46:19 Nomads
CliffHeights
7:28 Loom
14:37 Feudal Age
17:23 Double-Bit Axe
20:05 Castle Age
19:06 Fletching
19:51 Gold Mining
20:01 Horse Collar
21:01 Wheelbarrow
21:01 Bodkin Arrow
24:37 Padded Archer Armor
26:43 Gold Shaft Mining
27:13 Ballistics
28:11 Thumb Ring
30:35 Leather Archer Armor
30:42 Elite Skirmisher
35:14 Bloodlines
36:14 Pikeman
42:54 Imperial Age
42:00 Hand Cart
45:12 Chemistry
44:19 Bracer
46:34 Heavy Cavalry Archer
Connection lost

Rejoining the realm…

Still unreachable

The connection could not be restored.

Session expired

The server has moved on; the page needs a fresh start.